 Dungeon Crawl Stone Soup version 0.28-a0-1594-ga885d4b3d6 (webtiles) character file.

Game seed: 1868542471005129926

14 belegose the Skirmisher (level 2, -2/26 HPs)
             Began as a Draconian Abyssal Knight on Jan 20, 2022.
             Was a Follower of Lugonu.
             Killed from afar by a dart slug (3 damage)
             ... with a slug dart
             ... on level 1 of the Dungeon.
             The game lasted 00:01:33 (167 turns).

belegose the Skirmisher (Draconian Abyssal Knight)   Turns: 167, Time: 00:01:35

Health: -2/26      AC:  4    Str: 15    XL:     2   Next: 27%
Magic:  3/3        EV: 12    Int: 10    God:    Lugonu [*.....]
Gold:   0          SH:  0    Dex: 11    Spells: 1/1 levels left

rFire   . . .      SeeInvis .   a - +1 falchion
rCold   . . .      Faith    .   (no shield)
rNeg    . . .      Spirit   .   (armour unavailable)
rPois   .          Reflect  .   (helmet restricted)
rElec   .          Harm     .   (no cloak)
rCorr   .          Rampage  .   (no gloves)
Will    .....                   (no boots)
Stlth   +.........              (no amulet)
HPRegen 0.08/turn               (no ring)
MPRegen 0.08/turn               (no ring)

@: no status effects
A: AC +4, unfitting armour, cold-blooded
a: Renounce Religion, Depart the Abyss


You were on level 1 of the Dungeon.
You worshipped Lugonu.
Lugonu was aware of your devotion.
You visited 1 branch of the dungeon, and saw 1 of its levels.
You visited the Abyss 1 time.

Inventory:

Hand Weapons
 a - a +1 falchion (weapon)


   Skills:
 + Level 3.4 Fighting
 + Level 2.2 Long Blades
 + Level 2.3 Dodging
 + Level 0.6 Stealth
 + Level 2.2 Invocations


You had one spell level left.
You didn't know any spells.
Your spell library was empty.

Dungeon Overview and Level Annotations

Branches:
Dungeon (1/15)

Altars:

Shops:
D:1 *


Innate Abilities, Weirdness & Mutations

Your plain brown scales are hard. (AC +4)
You cannot fit into any form of body armour.
You are cold-blooded and may be slowed by cold attacks.


Message History

You slash the endoplasm!
You kill the endoplasm!
Lugonu accepts your kill. The jackal misses you.
You hit the kobold.
You kill the kobold!
Lugonu accepts your kill. The jackal bites you. The jackal bites you.
* * * LOW HITPOINT WARNING * * *
Things that are here:
a +0 dagger; 4 stones The jackal misses you.
The jackal barely misses you. The dart slug launches a dart at you.
The slug dart hits you.
* * * LOW HITPOINT WARNING * * *
The jackal closely misses you. The jackal closely misses you.
You hit the jackal.
The jackal is almost dead.
The jackal barely misses you. The dart slug launches a dart at you.
The slug dart hits you but does no damage.
A rat comes into view.
You slash the jackal!
You kill the jackal!
Lugonu accepts your kill.
The jackal bites you but does no damage.
The dart slug launches a dart at you. The slug dart hits you.
* * * LOW HITPOINT WARNING * * *
The jackal bites you but does no damage.
You slash the dart slug!
The dart slug is almost dead.
The jackal bites you.
* * * LOW HITPOINT WARNING * * *
The dart slug launches a dart at you. The slug dart hits you.
You die...

.........##)##†####.#
............g.......#
.....#..#...........#
?...#.#..#.....Krw..#
.g.#...#......##r##.#
###.....#####.##g# #
...........#..##g# ...
#.).....[.#...##h# ....
#....<....#....#@# ....
...........#...#w#....w
###.....#####.S#.#.....
...#...#.......#.....h.
....#.#....###.#.......
#....#........S....h...
####...#...###...######
#.......###...#
.......###.......#


You could see 2 dart slugs, a jackal, 2 goblins, a kobold and 2 rats.

Vanquished Creatures
  A bat (D:1)
  2 endoplasms (D:1)
  5 jackals (D:1)
  2 ball pythons (D:1)
  A kobold (D:1)
11 creatures vanquished.

Notes
Turn   | Place    | Note
-------+----------+-------------------------------------------
     0 | Abyss:1  | belegose the Draconian Abyssal Knight began the quest for
                  | the Orb.
     0 | Abyss:1  | Reached XP level 1. HP: 19/19 MP: 2/2
    49 | Abyss:3  | Noticed a harpy skeleton
    57 | Abyss:3  | Noticed a large abomination
    67 | D:1      | Escaped the Abyss
   143 | D:1      | Reached * piety under Lugonu
   144 | D:1      | Reached XP level 2. HP: 14/26 MP: 3/3
   146 | D:1      | Found Qovoss's General Store.
   167 | D:1      | HP: 1/26 [jackal (2)]
   167 | D:1      | Killed from afar by a dart slug

Illustrated notes

Levels and vault maps discovered:
D:1:      scummos_arrival_star, layout_rooms, serial_shops, shop,
          grunt_decor_cap

Action                   || total
-------------------------++-------
Melee: Falchion          ||    27
       Tailslap          ||     4
Invok: Depart the Abyss  ||     1
Armor: Skin              ||    18
Dodge: Dodged            ||    44

Table legend: (Time is in decaauts)
 A = Elapsed time spent in this place.
 B = Non-inter-level travel time spent in this place.
 C = Inter-level travel time spent in this place.
 D = Time resting spent in this place.
 E = Time spent auto-exploring this place.
 F = Levels seen in this place.
 G = Mean time per level.
                   A        B        C        D        E       F      G
               +--------+--------+--------+--------+--------+-----+--------+
         Total |    171 |    171 |      0 |      0 |     13 |   4 |   42.8 |
       Dungeon |    105 |    105 |      0 |      0 |     13 |   1 |  105.0 |
         Abyss |     66 |     66 |      0 |      0 |      0 |   3 |   22.0 |
               +--------+--------+--------+--------+--------+-----+--------+

Top non-repeatable levels by time:
     D:1: 105 daAuts
 Abyss:1: 36 daAuts
 Abyss:3: 27 daAuts
 Abyss:2: 2 daAuts
